 Dungeon Sprint DCSS version 0.27-a0-1565-gad902ab807 (webtiles) character file.

Game seed: 2321405874612539896

437 mhtbhm the Protected (level 6, -1/66 HPs)
             Began as a Minotaur Fighter on July 16, 2021.
             Slain by a neqoxec (13 damage)
             ... while paralysed
             ... in the Dungeon (Sprint II: "The Violet Keep of Menkaure").
             The game lasted 00:00:17 (168 turns).

mhtbhm the Protected (Minotaur Fighter)              Turns: 168, Time: 00:00:18

Health: -1/66      AC:  5    Str: 21    XL:     6   Next: 69%
Magic:  5/5        EV:  2    Int:  3    God:
Gold:   243        SH:  0    Dex:  9    Spells: 5/5 levels left

rFire    . . .     SeeInvis .   a - +0 long sword
rCold    . . .     Faith    .   c - +0 kite shield
rNeg     . . .     Spirit   .   b - +0 scale mail
rPois    .         Reflect  .   (helmet restricted)
rElec    .         Harm     .   (no cloak)
rCorr    .         Rampage  .   (no gloves)
Will     .....     NoTele   +   (no boots)
Stlth    ..........             (no amulet)
HPRegen  0.21/turn              (no ring)
MPRegen  0.09/turn              (no ring)

@: paralysed, unable to read, slowed, lost intelligence
A: horns 2, retaliatory headbutt, deformed body, dopey 1, weak 1, inability to
read while threatened
a: no special abilities


You were in the Dungeon.
You visited 1 branch You collected 243 gold pieces.

Inventory:

Hand Weapons
 a - a +0 long sword (weapon)
Armour
 b - a +0 scale mail (worn)
 c - a +0 kite shield (worn)
Scrolls
 j - a scroll of blinking
Potions
 d - a potion of might
 e - a potion of curing
 f - a potion of heal wounds
 g - a potion of haste
 h - 2 potions of magic


   Skills:
 + Level 10.1 Fighting
 + Level 6.4 Long Blades
 + Level 10.2 Armour
 + Level 9.7 Shields


You had 5 spell levels left.
You didn't know any spells.
Your spell library was empty.

Dungeon Overview and Level Annotations

Branches:
Dungeon (1/1)

Altars:


Innate Abilities, Weirdness & Mutations

You have a pair of horns on your head.
You reflexively headbutt those who attack you in melee.
Armour fits poorly on your strangely shaped body.
You are dopey. (Int -2)
You are weak. (Str -2)
You sometimes lose the ability to read scrolls when taking damage.


Message History

You feel threatened and lose the ability to read scrolls!
The neqoxec hits you!
Unknown command.
You hit the neqoxec but do no damage.
The neqoxec is severely wounded.
You hit the neqoxec but do no damage.
The neqoxec is severely wounded.
You block the neqoxec's attack.
Unknown command.
You closely miss the neqoxec.
The neqoxec is severely wounded.
The neqoxec hits you.
* * * LOW HITPOINT WARNING * * *
Unknown command.
You hit the neqoxec.
The neqoxec is almost dead.
The neqoxec barely misses you. The neqoxec hits you.
* * * LOW HITPOINT WARNING * * *
Unknown command.
You hit the neqoxec. Your headbutt misses the neqoxec.
The neqoxec is almost dead.
Unknown command.
You closely miss the neqoxec.
The neqoxec is almost dead.
The neqoxec completely misses you.
You riposte.
You hit the neqoxec.
You headbutt the neqoxec, but do no damage.
The neqoxec is almost dead.
Unknown command.
You miss the neqoxec. You headbutt the neqoxec.
You kill the neqoxec!
The neqoxec gestures at you.
Strange energies course through your body.
You feel stupid.
You have lost your intelligence.
You feel your intelligence returning.
Your Fighting skill increases to level 10!
Your Long Blades skill increases to level 6!
Your Armour skill increases to level 10!
The neqoxec hits you!
You die...

##+##
##...##
#..#..#
#
##.).##
#.
##'##
#l##.##
#+.<.+
#l##.##
#. #@#
# ##3#
#.# ##


You could see a neqoxec.

Vanquished Creatures
  A merfolk siren (D)
  A neqoxec (D)
2 creatures vanquished.

Vanquished Creatures (others)
  Menkaure (D)
  A water moccasin (D)
2 creatures vanquished.

Grand Total: 4 creatures vanquished

Notes
Turn   | Place    | Note
-------+----------+-------------------------------------------
     0 | D        | mhtbhm the Minotaur Fighter began the quest for the Orb.
     0 | D        | Reached XP level 1. HP: 19/19 MP: 0/0
     1 | D        | Noticed a wyvern
     1 | D        | Noticed a wyvern
     7 | D        | Noticed a merfolk siren
    11 | D        | Killed a merfolk siren
    12 | D        | Reached skill level 5 in Long Blades
    12 | D        | Reached XP level 2. HP: 37/37 MP: 1/1
    12 | D        | Reached XP level 3. HP: 42/42 MP: 2/2
    12 | D        | Reached XP level 4. HP: 50/50 MP: 3/3
    12 | D        | Reached XP level 5. HP: 57/57 MP: 4/4
    12 | D        | Reached XP level 6. HP: 63/63 MP: 5/5
    15 | D        | Killed Menkaure
    44 | D        | Killed a water moccasin
   141 | D        | Noticed a neqoxec
   146 | D        | Gained mutation: You are weak. (Str -2) [a neqoxec]
   149 | D        | Gained mutation: You sometimes lose the ability to read
                  | scrolls when taking damage. [a neqoxec]
   151 | D        | Gained mutation: Armour fits poorly on your strangely
                  | shaped body. [a neqoxec]
   155 | D        | Noticed a neqoxec
   167 | D        | Killed a neqoxec
   167 | D        | Lost intelligence.
   167 | D        | Gained mutation: You are dopey. (Int -2) [a neqoxec]
   168 | D        | Reached skill level 10 in Fighting
   168 | D        | Reached skill level 10 in Armour
   168 | D        | Slain by a neqoxec

Illustrated notes

Levels and vault maps discovered:
D:        the_violet_keep_of_menkaure [sprint2_stairs_cluster_1,
          sprint2_shoproom, sprint2_temple, sprint2_basic_supplies,
          sprint2_obstacle_6, sprint2_obstacle_7, sprint2_obstacle_2,
          sprint2_obstacle_3, sprint2_obstacle_5, sprint2_timed_cluster_1,
          sprint2_smallroom_cluster_1, sprint2_smallroom_final_cluster_1,
          sprint2_transparent_cluster_1, sprint2_second_timed_cluster_1,
          sprint2_sniper_area_1, sprint2_heavy_combat_area_1,
          sprint2_mutation_trap_area_1, sprint2_forest_area_1,
          sprint2_light_combat_area_1, sprint2_behind_water_1,
          sprint2_near_end_vault_1]

Skill      XL: |  1  2  3  4  5  6 |
---------------+-------------------+-----
Fighting       | 9 10 | 10.1
Long Blades    | 5 6 |  6.4
Armour         | 9 10 | 10.2
Shields        | 9 |  9.7

Action                   |  1- 3 |  4- 6 || total
-------------------------+-------+-------++-------
Melee: Long sword        |     2 |    25 ||    27
       Headbutt          |     1 |     4 ||     5
  Use: Potion            |     1 |       ||     1
Armor: Scale mail        |       |     2 ||     2
Dodge: Dodged            |     1 |     6 ||     7
Block: Kite shield       |     1 |     2 ||     3
       Rpst.: Long sword |       |     2 ||     2

Table legend: (Time is in decaauts)
 A = Elapsed time spent in this place.
 B = Non-inter-level travel time spent in this place.
 C = Inter-level travel time spent in this place.
 D = Time resting spent in this place.
 E = Time spent auto-exploring this place.
 F = Levels seen in this place.
 G = Mean time per level.
                   A        B        C        D        E       F      G
               +--------+--------+--------+--------+--------+-----+--------+
         Total |    187 |    187 |      0 |    129 |      0 |   1 |  187.0 |
       Dungeon |    187 |    187 |      0 |    129 |      0 |   1 |  187.0 |
               +--------+--------+--------+--------+--------+-----+--------+

Top non-repeatable levels by time:
       D: 187 daAuts
